 Dungeon Crawl Stone Soup version 0.29.1-1-gd02db6906a (webtiles) character file.

Game seed: 280361160107157707

25338 jimonade the Thaumaturge (level 13, -30/95 HPs)
             Began as a Djinni Fire Elementalist on Sept 21, 2022.
             Was an Elder of Makhleb.
             Annihilated by a freezing wraith (33 damage)
             ... on level 14 of the Dungeon.
             The game lasted 00:48:39 (16981 turns).

jimonade the Thaumaturge (DjFE)                    Turns: 16981, Time: 00:48:39

Health: -30/95     AC:  8    Str: 15    XL:     13   Next: 49%
Gold:   783        EV: 14    Int: 23    God:    Makhleb [****..] SH:  0 Dex: 18

rFire   + + +      SeeInvis .   a - staff of fire
rCold   x x .      Faith    .   (no shield)
rNeg    . . .      Spirit   .   K - +0 troll leather armour
rPois   ∞          Reflect  .   E - +1 helmet
rElec   .          Harm     .   L - scarf {repulsion}
rCorr   +          Rampage  .   M - +1 pair of gloves of Wu Jian's Condemnation {rC- Regen+ Int+4 Dex+3}
Will    +....                   (boots unavailable)
Stlth   ++........              q - amulet of regeneration
HPRegen 2.65/turn               n - ring of resist corrosion
MPRegen 0.00/turn               u - +6 ring of strength

@: flying, slowed, repel missiles, very slow
A: sickness immunity, fire resistance 2, cold vulnerability 1, float, innate
caster, HP casting, extra vitality 1
a: Renounce Religion, Minor Destruction, Lesser Servant of Makhleb, Major
Destruction


You were on level 14 of the Dungeon.
You worshipped Makhleb.
Makhleb was greatly pleased with you.
You visited 3 branches of the dungeon, and saw 16 of its levels.

You collected 783 gold pieces.

Inventory:

Hand Weapons
 t - a +0 spear
 B - a +0 rapier of electrocution
 F - a +0 arbalest
 J - a +3 sling of chaos
 V - a +2 shortbow of freezing
Missiles
 f - a throwing net
Armour
 A - +0 acid dragon scales
 D - a +2 cloak
 E - a +1 helmet (worn)
 K - a +0 troll leather armour (worn)
 L - a scarf of repulsion (worn)
 M - the +1 pair of gloves of Wu Jian's Condemnation (worn) {rC- Regen+ Int+4 Dex+3}
   (You found it on level 7 of the Dungeon)

   Int:       It affects your intelligence (+4).
   Dex:       It affects your dexterity (+3).
   rC:        It makes you vulnerable to cold.
   Regen:     It increases your rate of health regeneration.
Magical Staves
 a - a staff of fire (weapon)
 c - a staff of conjuration
Jewellery
 j - a ring of see invisible
 n - a ring of resist corrosion (left hand)
 q - an amulet of regeneration (around neck)
 u - a +6 ring of strength (right hand)
 P - a ring of positive energy
 R - an amulet of reflection
 U - a ring of fire
Wands
 C - a wand of flame (28)
 G - a wand of charming (7)
 H - a wand of iceblast (10)
 O - a wand of acid (3)
Scrolls
 d - 3 scrolls of vulnerability
 e - a scroll of enchant armour
 g - a scroll of fear
 h - 6 scrolls of enchant weapon
 l - a scroll of brand weapon
 m - 4 scrolls of fog
 o - 3 scrolls of poison
 r - 2 scrolls of magic mapping
 s - 6 scrolls of identify
 v - 5 scrolls of immolation
 y - 5 scrolls of teleportation
 I - 4 scrolls of blinking
 S - a scroll of amnesia {unknown}
Potions
 b - a potion of cancellation
 i - 3 potions of curing
 k - 3 potions of brilliance {unknown}
 p - 4 potions of heal wounds
 w - a potion of mutation
 x - a potion of berserk rage {unknown}
 z - 4 potions of might
 N - 4 potions of attraction
 T - a potion of magic {unknown}


   Skills:
 * Level 9.7 Fighting
 + Level 4.3 Dodging
 - Level 1.5 Stealth
 - Level 14.0 Spellcasting
 * Level 7.6 Invocations


You had 9 spell levels left.
You knew the following spells:

 Your Spells              Type           Power      Damage    Failure   Level
a - Foxfire               Conj/Fire      100%       2x1d9     0%          1
b - Scorch                Fire           100%       2d10      1%          2
c - Conjure Flame         Conj/Fire      88%        6-21      1%          3
d - Inner Flame           Hex/Fire       88%        N/A       1%          3
e - Flame Wave            Conj/Fire      88%        2d19      1%          4
f - Sting                 Tmut/Pois      100%       1d8       0%          1
g - Static Discharge      Conj/Air       69%        3-12/arc  1%          2
h - Spider Form           Tmut/Pois      69%        N/A       1%          3
i - Frozen Ramparts       Ice            100%       1d16      1%          3
j - Anguish               Hex/Necr       34%        N/A       1%          4
k - Freezing Cloud        Conj/Ice/Air   34%        6-21      1%          5
Your spell library was empty.

Dungeon Overview and Level Annotations

Branches:
Dungeon (14/15)            Temple (1/1) D:7            Lair (0/5) D:8
    Orc (1/2) D:11
 Vaults: D:13-14

Altars:
Ashenzari
Cheibriados
Dithmenos
Elyvilon
Fedhas
Gozag
Hepliaklqana
Makhleb
Nemelex Xobeh
Okawaru
Qazlal
Ru
Trog
Uskayaw
Wu Jian
Xom
Yredelemnul
Zin
The Shining One

Shops:
D:6 *

Annotations:
D:6 2 runed translucent doors, Crazy Yiuf; ratmagoo's ghost, novice GnWn
D:10 exclusions: obsidian statue and orange crystal statue


Innate Abilities, Weirdness & Mutations

You are immune to sickness and miasma.
You are immune to poison.
Your flesh is very heat resistant. (rF++)
You are vulnerable to cold. (rC-)
You float through the air rather than walking.
You learn spells naturally, not from books.
Your magical power is your life essence.
You have superior vitality. (+4 MHP)


Message History

The freezing wraith's fire resistance burns away.
The centaur warrior unwields a +2 shortbow of freezing.
The centaur warrior hits you but does no damage.
The centaur warrior kicks you but does no damage.
The freezing wraith hits you. The freezing wraith freezes you!
You feel a terrible chill! The freezing wraith hits you.
The freezing wraith drains your vigour!
You feel yourself slow down.
Casting: Scorch (safe; 1% risk of failure)
Confirm with . or Enter, or press ? or * to list all spells.
You feel a surge of power!
Flames lash the freezing wraith.
The freezing wraith is burned terribly!
The freezing wraith is heavily damaged.
The centaur warrior barely misses you. The centaur warrior closely misses you.
The centaur warrior hits you. The centaur warrior barely misses you.
The freezing wraith hits you! The freezing wraith freezes you!!
You feel a terrible chill!
* * * LOW HITPOINT WARNING * * *
The freezing wraith hits you.
* * * LOW HITPOINT WARNING * * *
The freezing wraith drains your vigour!
You feel as though you will be slow longer.
Casting: Scorch (safe; 1% risk of failure)
Confirm with . or Enter, or press ? or * to list all spells.
You feel a surge of power!
Flames lash the freezing wraith but do no damage.
* * * LOW HITPOINT WARNING * * *
The centaur warrior hits you.
* * * LOW HITPOINT WARNING * * *
The centaur warrior kicks you.
* * * LOW HITPOINT WARNING * * *
The centaur warrior hits you.
* * * LOW HITPOINT WARNING * * *
The centaur warrior kicks you.
* * * LOW HITPOINT WARNING * * *
The freezing wraith barely misses you. x2; The centaur warrior hits you.
* * * LOW HITPOINT WARNING * * *
The centaur warrior barely misses you. The freezing wraith hits you.
* * * LOW HITPOINT WARNING * * *
The freezing wraith freezes you!!
You feel a terrible chill!
You die...

#.......#
#.......#
#.......
#......#
#..._..#
#......#
#..c...#
#..@...#
#..W...#
#<.....#
#......#
#......#
########


You could see a centaur warrior (inner flame, combustible) and a freezing wraith
(combustible).

Vanquished Creatures
  Kirke (D:13)
  4 hydras
  2 centaur warriors (D:13)
  4 two-headed ogres
  3 skeletal warriors (D:13)
  Pikel (D:4)
  An orc knight (Orc:1)
  3 cyclopes
  A manticore (D:11)
  2 ugly things
  A guardian serpent (shapeshifter) (D:13)
  2 komodo dragons
  A wind drake (shapeshifter) (D:13)
  4 trolls
  A hornet (D:11)
  4 wraiths
  16 yaks
  2 humans (D:13)
  A vampire (D:13)
  3 wyverns
  Eustachio (D:6)
  A hog (D:13)
  11 vampire mosquitoes
  A steam dragon (D:9)
  Menkaure (D:4)
  Duvessa (D:4)
  A warg (Orc:1)
  5 acid dragons
  A water moccasin (D:7)
  2 black bears
  2 ice beasts
  7 orc warriors
  2 ogres
  14 centaurs
  A lemure (D:3)
  A kobold brigand (D:10)
  Blork the orc (D:6)
  2 gnoll sergeants
  3 scorpions
  2 bullfrogs
  A necrophage (D:8)
  15 wights
  Dowan (D:4)
  An electric eel (D:10)
  3 howler monkeys
  2 bullfrog zombies (D:5)
  3 hounds
  2 jellies
  9 orc priests
  5 iguanas
  18 orc wizards
  A killer bee zombie (D:5)
  A hound zombie (D:5)
  A howler monkey zombie (D:5)
  5 adders
  17 gnolls
  2 white imps (D:6)
  4 ufetubi
  3 worms
  5 dart slugs
  50 orcs
  7 ball pythons
  7 endoplasms
  3 giant cockroaches
  5 goblins
  2 hobgoblins
  3 jackals (D:3)
  8 quokkas
  7 bats
  3 frilled lizards
  9 kobolds
  6 rats
326 creatures vanquished.

Vanquished Creatures (others)
  487 foxfires
  3 plants (D:10)
490 creatures vanquished.

Grand Total: 816 creatures vanquished

Notes
Turn   | Place    | Note
-------+----------+-------------------------------------------
     0 | D:1      | jimonade the Djinni Fire Elementalist began the quest for
                  | the Orb.
     0 | D:1      | jimonade set off with the following spells memorised:
                  | Foxfire, Scorch, Conjure Flame, Inner Flame, Flame Wave.
     0 | D:1      | Reached XP level 1. HP: 15/15 MP: 0/0
   117 | D:1      | Reached XP level 2. HP: 10/21 MP: 0/0
   420 | D:1      | Reached skill level 3 in Spellcasting
   808 | D:1      | Reached XP level 3. HP: 24/25 MP: 0/0
   808 | D:1      | Learned a level 1 spell: Sting
   862 | D:1      | Found a faded altar of an unknown god.
  2193 | D:3      | Reached XP level 4. HP: 27/31 MP: 0/0
  2212 | D:3      | Reached skill level 4 in Spellcasting
  2415 | D:3      | Reached XP level 5. HP: 34/35 MP: 0/0
  2415 | D:3      | Learned a level 2 spell: Static Discharge
  2731 | D:3      | Found a blossoming altar of Fedhas.
  3407 | D:4      | Reached XP level 6. HP: 31/40 MP: 0/0
  3408 | D:4      | Reached skill level 5 in Spellcasting
  3671 | D:4      | Noticed Duvessa
  3678 | D:4      | Killed Duvessa
  3679 | D:4      | Reached XP level 7. HP: 9/45 MP: 0/0
  3679 | D:4      | Learned a level 3 spell: Spider Form
  3680 | D:4      | Noticed Dowan
  4051 | D:4      | Noticed Pikel
  4383 | D:4      | Reached skill level 6 in Spellcasting
  4435 | D:4      | Killed Dowan
  4840 | D:4      | Noticed Menkaure
  4900 | D:4      | Killed Menkaure
  5036 | D:4      | Killed Pikel
  5037 | D:4      | Reached skill level 7 in Spellcasting
  5037 | D:4      | Reached XP level 8. HP: 36/50 MP: 0/0
  5902 | D:5      | Entered Level 5 of the Dungeon
  5923 | D:5      | Reached skill level 8 in Spellcasting
  6108 | D:5      | Reached XP level 9. HP: 45/55 MP: 0/0
  6108 | D:5      | Learned a level 3 spell: Frozen Ramparts
  6441 | D:5      | Found a basalt altar of Yredelemnul.
  6461 | D:5      | Reached skill level 9 in Spellcasting
  6919 | D:6      | Found an opulent altar of Gozag.
  6959 | D:6      | Found Gozag's Platinum Reserve.
  6980 | D:6      | Noticed Eustachio
  6994 | D:6      | HP: 2/55 [white imp/puff of frost[Eustachio] (13)]
  7002 | D:6      | HP: 2/55 [bat[Eustachio] (1)]
  7007 | D:6      | HP: 1/55 [bat[Eustachio] (1)]
  7424 | D:6      | Killed Eustachio
  8061 | D:6      | Noticed Blork the orc
  8067 | D:6      | Killed Blork the orc
  8068 | D:6      | Reached skill level 10 in Spellcasting
  8179 | D:6      | Found a runed translucent door.
  8180 | D:6      | Noticed Crazy Yiuf
  8193 | D:6      | Found a runed translucent door.
  8194 | D:6      | Found a shimmering altar of Xom.
  8194 | D:6      | Noticed ratmagoo's ghost (novice GnWn)
  8194 | D:6      | Noticed a +1 rapier of chaos
  9474 | D:7      | Reached XP level 10. HP: 38/60 MP: 0/0
 10003 | D:7      | Identified the +1 pair of gloves of Wu Jian's Condemnation
                  | {rC- Regen+ Int+4 Dex+3}
 10071 | D:7      | Found a hide-covered altar of Uskayaw.
 10264 | D:7      | Found a staircase to the Ecumenical Temple.
 10269 | D:7      | Reached skill level 1 in Fighting
 10290 | Temple   | Entered the Ecumenical Temple
 10339 | Temple   | Became a worshipper of Makhleb the Destroyer
 10648 | D:8      | Found a staircase to the Lair.
 10659 | D:8      | Reached skill level 11 in Spellcasting
 10893 | D:8      | Noticed a purple ugly thing
 10902 | D:8      | Killed a purple ugly thing
 11391 | D:8      | Found a stormy altar of Qazlal.
 11533 | D:9      | Reached * piety under Makhleb
 11537 | D:9      | Reached skill level 12 in Spellcasting
 11537 | D:9      | Reached XP level 11. HP: 61/71 MP: 0/0
 11537 | D:9      | Learned a level 4 spell: Anguish
 11662 | D:9      | Found a bloodstained altar of Trog.
 12074 | D:9      | Identified a scroll of acquirement
 12074 | D:9      | Acquired a staff of conjuration
 12086 | D:10     | Entered Level 10 of the Dungeon
 12090 | D:10     | Found an iron altar of Okawaru.
 12197 | D:10     | Noticed an orange crystal statue
 12374 | D:10     | Reached ** piety under Makhleb
 12486 | D:10     | Noticed a two-headed ogre
 12496 | D:10     | Killed a two-headed ogre
 12672 | D:10     | Reached skill level 13 in Spellcasting
 12844 | D:10     | Found a broken altar of Ashenzari.
 12845 | D:10     | Found a glowing golden altar of the Shining One.
 12855 | D:10     | Noticed an obsidian statue
 13172 | D:11     | Reached skill level 5 in Fighting
 13474 | D:11     | Found a staircase to the Orcish Mines.
 13580 | D:11     | Noticed a six-headed hydra
 13582 | D:11     | Noticed a cyclops
 13620 | D:11     | Killed a cyclops
 13707 | D:11     | Killed a six-headed hydra
 13707 | D:11     | HP: 2/76 [spore (11)]
 13708 | D:11     | Reached XP level 12. HP: 3/81 MP: 0/0
 13808 | D:11     | Noticed an eight-headed hydra
 13819 | D:11     | Killed an eight-headed hydra
 13829 | D:11     | Noticed a five-headed hydra
 13841 | D:11     | Killed a five-headed hydra
 13875 | D:11     | Reached skill level 14 in Spellcasting
 13967 | D:12     | Noticed a boulder beetle
 13987 | Orc:1    | Entered Level 1 of the Orcish Mines
 14012 | Orc:1    | Noticed a two-headed ogre
 14021 | Orc:1    | Killed a two-headed ogre
 14022 | Orc:1    | Reached skill level 1 in Invocations
 14170 | Orc:1    | Reached *** piety under Makhleb
 15261 | D:12     | Identified the +1 fire dragon scales "Racoust" {rElec rF++
                  | rC- rN+ MP+9 Stlth+}
 15451 | D:12     | Found a broken altar of Ashenzari.
 15775 | D:13     | Noticed a two-headed ogre
 15780 | D:13     | Killed a two-headed ogre
 15826 | D:13     | Reached skill level 5 in Invocations
 15860 | D:13     | Noticed a skeletal warrior
 15871 | D:13     | Noticed a skeletal warrior
 15871 | D:13     | Killed a skeletal warrior
 15899 | D:13     | Noticed a skeletal warrior
 15902 | D:13     | Killed a skeletal warrior
 15903 | D:13     | Reached XP level 13. HP: 86/92 MP: 0/0
 15903 | D:13     | Learned a level 5 spell: Freezing Cloud
 16068 | D:13     | Noticed a centaur warrior
 16076 | D:13     | Killed a centaur warrior
 16086 | D:13     | Noticed a centaur warrior
 16096 | D:13     | Killed a centaur warrior
 16096 | D:13     | Reached **** piety under Makhleb
 16119 | D:13     | Noticed a five-headed hydra
 16130 | D:13     | Killed a five-headed hydra
 16699 | D:13     | Noticed Kirke
 16707 | D:13     | Killed Kirke
 16975 | D:14     | Noticed a centaur warrior
 16975 | D:14     | Found a snail-covered altar of Cheibriados.
 16981 | D:14     | HP: 3/95 [freezing wraith (6)]
 16981 | D:14     | Annihilated by a freezing wraith

Illustrated notes

Levels and vault maps discovered:
D:1:      beargit_arrival_greenhouse, layout_basic,
          shapermc_ecumenical_altar_hornbeckon, minmay_misc_feat_chi
D:2:      layout_basic
D:3:      layout_basic, mainiacjoe_overflow_chevrons
D:4:      minmay_spotlight, layout_gridville, led_sif_book, st_stairs_5,
          minmay_bent, uniq_pikel, uniq_duvessa, uniq_menkaure
D:5:      layout_rooms, nicolae_yredelemnul_corpse_copse
D:6:      layout_layer_cave, nicolae_gozag_zags_fifth_avenue, ebering_ghost_xom,
          st_stairs_7, uniq_blork_the_orc, uniq_crazy_yiuf_cottage,
          uniq_eustachio
D:7:      layout_layer_cave, mainiacjoe_overflow_alcove_1,
          minmay_temple_entry_antechambers
D:8:      layout_loops_ring, marbit_many_paths, lair_entry_dummy
D:9:      layout_cave_pools, mainiacjoe_overflow_boulevard
D:10:     minmay_separated_statues, layout_basic,
          mainiacjoe_overflow_tiny_flanked,
          mainiacjoe_overflow_concentric_impassable,
          nicolae_overflow_two_pavilions, serial_bayou_ford_a,
          minmay_starry_boxes
D:11:     layout_roguey, orc_0_dummy, nicolae_concentric_dashed_squares_wild,
          minmay_checkerbox
D:12:     layout_basic, nicolae_ashenzari_panopticon
D:13:     layout_loops_corners, nicolae_wwwww, uniq_kirke
D:14:     layout_gridville, david_vaults_1, cheibriados_altar_1,
          gammafunk_ghost_abyssal_escape, uniq_rupert, uniq_nessos
Temple:   nicolae_temple_ecumenical_triangle
Orc:1:    layout_diamond_mine, rock_pile

Skill      XL: |  1  2  3  4  5  6  7  8  9 10 11 12 13 |
---------------+----------------------------------------+-----
Spellcasting   | 3 4 5 7 8 10 12 13 14 | 14.0
Fighting       | 3 5 8 9 |  9.7
Invocations    | 5 7 |  7.6
Dodging        | 3 4 |  4.3
Stealth        | |  1.5

Action                   |  1- 3 |  4- 6 |  7- 9 | 10-12 | 13-15 || total
-------------------------+-------+-------+-------+-------+-------++-------
Melee: Staff             |       |       |     1 |       |       ||     1
 Cast: Foxfire           |    44 |    19 |    91 |   123 |     8 ||   285
       Scorch            |    12 |    29 |    80 |   194 |    46 ||   361
       Inner Flame       |       |     1 |    12 |    98 |    12 ||   123
       Conjure Flame     |       |       |     1 |    22 |     5 ||    28
       Frozen Ramparts   |       |       |     1 |     2 |       ||     3
       Flame Wave        |       |       |       |     3 |       ||     3
       Freezing Cloud    |       |       |       |       |     7 ||     7
  Use: Scroll            |       |       |     8 |    16 |       ||    24
Armor: Robe              |       |     2 |     4 |     1 |       ||     7
       Steam dragon scal |       |       |       |     6 |       ||     6
       Acid dragon scale |       |       |       |    15 |       ||    15
       Troll leather arm |       |       |       |     1 |     8 ||     9
Dodge: Dodged            |     1 |     1 |    15 |    78 |    41 ||   136
       Repelled          |       |       |     1 |     5 |       ||     6
